Map: Lockdown LE

Players

BuRny

  • Race: Protoss Protoss
  • League: Master
  • Spawn Location: 7:00

A.I. 1 (Very Easy) - Winner!

  • Race: Terran Terran
  • Spawn Location: 1:00

VOD

https://youtu.be/oaode9o9fMA

Description

9 Pylon
10 Gateway
11 Assimilator
12 Chrono nexus
1:15-1:20 Send out probe for proxy pylon
15 Cybernetics core
15 2nd gas
16 Proxy pylon
17 2:10 Proxy stargate
18 2:27 Stalker (chrono)
22 2:53 Oracle (chrono x2)
26 2nd pylon, 2nd oracle
3:20 Oracle and stalker arrive

Time

  • Played on: July 7, 2026, 1:56 p.m.
  • Length: 4:52
Show
View Real Time Build Order
Export as new Build Order

BuRny Protoss 

Build Orders: Oracle Opening 

Get SALT Encoding   

  8  0:00  Probe  
  9  0:18  Pylon  
  9  0:21  Probe  
  10  0:38  Gateway  
  10  0:44  Probe (Chrono Boost)  
  11  0:52  Assimilator  
  11  1:00  Probe (Chrono Boost)  
  12  1:05  Probe (Chrono Boost)  
  13  1:14  Probe  
  14  1:26  Probe  
  14  1:27  Cybernetics Core  
  15  1:36  Assimilator  
  15  1:41  Probe  
  16  1:50  Pylon  
  16  1:53  Probe  
  17  2:10  Stargate  
  17  2:15  Probe  
  18  2:25  Stalker (Chrono Boost)  
  20  2:32  Probe  
  21  2:44  Probe  
  21  2:50  Oracle (Chrono Boost)  
  22  2:57  Probe  
  26  3:09  Probe  
  26  3:11  Pylon  
  27  3:27  Oracle (Chrono Boost)  
  27  3:30  Probe  
  31  3:48  Nexus  
  31  4:04  Oracle (Chrono Boost)  
  34  4:20  Probe  
  35  4:32  Probe  
Show
View Real Time Build Order
Export as new Build Order

A.I. 1 (Very Easy) Terran - Winner!

Build Orders:  

Get SALT Encoding   

  8  0:00  SCV  
  9  0:13  SCV  
  10  0:25  SCV  
  11  0:37  SCV  
  12  0:47  Supply Depot  
  12  0:49  SCV  
  13  1:07  Refinery  
  13  1:08  SCV  
  14  1:12  Barracks  
  14  1:32  Supply Depot  
  14  1:42  Refinery  
  14  2:00  Orbital Command, Marine  
  15  2:19  Barracks Tech Lab  
  15  2:25  SCV  
  16  2:37  SCV  
  17  2:44  Marine  
  17  2:49  SCV  
  19  3:02  SCV  
  19  3:04  Supply Depot  
  20  3:14  SCV  
  20  3:19  Marine  
  21  3:26  SCV  
  16  3:38  SCV  
  12  3:48  Marine  
  12  3:50  SCV  
  14  4:02  SCV  
  15  4:14  SCV  
  12  4:17  Marauder  
  10  4:26  SCV  
  8  4:38  SCV  
Tags
 
League
Master
Matchup
PvT
Spawn Locations
Cross Positions
Add a new tag
Caveats
  • Supply blocks, unpowered buildings, or Contaminate may cause inaccurate times.
  • Supply counts are checked every 10 seconds.